 Dungeon Crawl Stone Soup version 0.28.0-45-g0d030f2227 (webtiles) character file.

Game seed: 4791585861767802412

131 Descartes the Chucker (level 4, -5/41 HPs)
             Began as a Troll Hunter on Apr 8, 2022.
             Slain by an ogre
             ... wielding a +0 giant club
              (22 damage)
             ... on level 4 of the Dungeon.
             The game lasted 00:03:26 (2927 turns).

Descartes the Chucker (Troll Hunter)                Turns: 2927, Time: 00:03:28

Health: -5/41      AC:  4    Str: 20    XL:     4   Next: 91%
Magic:  12/12      EV:  9    Int:  9    God:
Gold:   204        SH:  0    Dex: 10    Spells: 3/3 levels left

rFire   . . .      SeeInvis +     - Unarmed
rCold   . . .      Faith    .   (no shield)
rNeg    . . .      Spirit   .   b - +0 robe
rPois   .          Reflect  .   (helmet restricted)
rElec   .          Harm     .   (no cloak)
rCorr   .          Rampage  .   (gloves unavailable)
Will    .....                   (boots unavailable)
Stlth   +.........              (no amulet)
HPRegen 0.93/turn               q - ring of see invisible
MPRegen 0.13/turn               f - ring of magical power

@: no status effects
A: large, unfitting armour, claws 3, regeneration 1, shaggy fur 1, tough skin 1
a: no special abilities


You were on level 4 of the Dungeon.
You visited 1 branch of the dungeon, and saw 4 of its levels.

You collected 204 gold pieces.

Inventory:

Hand Weapons
 l - a +2 dagger of pain
Missiles
 c - 5 large rocks (quivered)
 d - 2 throwing nets
 e - 163 stones
Armour
 b - a +0 robe (worn)
Jewellery
 f - a ring of magical power (right claw)
 q - a ring of see invisible (left claw)
Scrolls
 i - 4 scrolls of identify {unknown}
 k - 4 scrolls of fear {unknown}
 o - a scroll of fog {unknown}
 p - a scroll of blinking {unknown}
 r - a scroll of amnesia {unknown}
 t - a scroll of enchant armour {unknown}
Potions
 a - a potion of resistance {unknown}
 g - 2 potions of brilliance {unknown}
 h - a potion of mutation {unknown}
 j - 2 potions of lignification {unknown}
 m - a potion of magic {unknown}
 n - 2 potions of heal wounds {unknown}
 s - a potion of attraction {unknown}


   Skills:
 - Level 1.5 Fighting
 + Level 4.8 Throwing
 - Level 1.5 Dodging
 - Level 0.3 Stealth
 + Level 3.1 Unarmed Combat


You had 3 spell levels left.
You didn't know any spells.
Your spell library was empty.

Dungeon Overview and Level Annotations

Branches:
Dungeon (4/15)
 Temple: D:4-7

Altars:
Ashenzari
Dithmenos
Nemelex Xobeh

Shops:
D:4 !=[


Innate Abilities, Weirdness & Mutations

You are too large for most types of armour.
You have claws for hands.
Your natural rate of healing is unusually fast.
You are covered in fur. (AC +1)
You have tough skin. (AC +1)


Message History

You barely miss the goblin. You completely miss the ogre. You scratch the ogre.
The ogre is lightly wounded.
The goblin hits you but does no damage. The ogre hits you with a +0 giant club!
You barely miss the ogre.
The ogre is lightly wounded.
The goblin hits you with a +0 club. The ogre hits you with a +0 giant club.
A goblin comes into view. It is wielding a +0 dagger.
The goblin shouts!
You scratch the ogre but do no damage.
The ogre is lightly wounded.
The goblin barely misses you.
The ogre hits you with a +0 giant club!!
* * * LOW HITPOINT WARNING * * *
You are too injured to fight recklessly!
You are too injured to fight recklessly!
You are too injured to fight recklessly!
You are too injured to fight recklessly!
You are too injured to fight recklessly!
You are too injured to fight recklessly!
You are too injured to fight recklessly!
You are too injured to fight recklessly!
You are too injured to fight recklessly!
You are too injured to fight recklessly!
You are too injured to fight recklessly!
The goblin hits you with a +0 club.
There is a stone staircase leading up here.
The goblin hits you with a +0 club.
You climb upwards.
There is a stone staircase leading down here.
HP restored.
Done exploring.
You climb downwards.
The ogre hits you with a +0 giant club!!
The goblin misses you. The goblin hits you with a +0 club.
The goblin hits you with a +0 dagger.
The ogre hits you with a +0 giant club!!
Ouch! That really hurt!
You die...

#.≈.#.# #.# #.≈.#.##
#.# #.≈.#... #.##
#...#... ####..
#...#... #....#
##'##... #....#
#...#...
#..Og#########.#.##..
#...@#......#.###.#..
#..g.#.....##.#.#.###
#...g......#.##.##.#.
#....#....##.#..##.##
#....####.#.##.####.#
#....# #.#.#.....#.#
#....# ##...####....
####.# ###..# #.#..
#.#######..###...#


You could see an ogre and 3 goblins.

Vanquished Creatures
  A hound skeleton (D:4)
  A howler monkey skeleton (D:4)
  2 adders (D:3)
  A shadow imp (D:4)
  An adder skeleton (D:4)
  2 worms (D:3)
  3 dart slugs
  3 orcs
  8 ball pythons
  4 endoplasms
  11 goblins
  5 hobgoblins
  6 kobolds
  3 quokkas
  6 bats
  5 frilled lizards
  4 rats
66 creatures vanquished.

Notes
Turn   | Place    | Note
-------+----------+-------------------------------------------
     0 | D:1      | Descartes the Troll Hunter began the quest for the Orb.
     0 | D:1      | Reached XP level 1. HP: 19/19 MP: 0/0
   161 | D:1      | Reached skill level 1 in Unarmed Combat
   161 | D:1      | Reached XP level 2. HP: 27/27 MP: 1/1
   547 | D:1      | Reached skill level 4 in Throwing
  1289 | D:2      | Reached XP level 3. HP: 33/33 MP: 2/2
  1833 | D:3      | Found a shadowy altar of Dithmenos.
  1905 | D:3      | Found a sparkling altar of Nemelex Xobeh.
  2109 | D:3      | Found a broken altar of Ashenzari.
  2294 | D:3      | Reached XP level 4. HP: 40/41 MP: 3/3
  2624 | D:4      | Found Riotent's Jewellery Shoppe.
  2672 | D:4      | Found Dableojum's Armour Shop.
  2818 | D:4      | Found Rodirgh's Distillery.
  2875 | D:4      | Noticed an ogre
  2927 | D:4      | Slain by an ogre

Illustrated notes

Levels and vault maps discovered:
D:1:      wander_arrival_peaceful_grave, layout_loops_ring
D:2:      layout_loops_corners
D:3:      layout_basic, mainiacjoe_overflow_surrounded_room,
          nicolae_dithmenos_through_a_glass_darkly, mainiacjoe_overflow_alcove_2
D:4:      layout_rooms, serial_shops, nicolae_shop_window_shopping, shop, shop,
          minivault_19, grunt_decor_clamped, minmay_ogre_servants

Skill      XL: |  1  2  3  4 |
---------------+-------------+-----
Unarmed Combat | 1 2 3 |  3.1
Throwing       | 4 |  4.8
Fighting       | |  1.5
Dodging        | |  1.5
Stealth        | |  0.3

Action                   |  1- 3 |  4- 6 || total
-------------------------+-------+-------++-------
Melee: Unarmed           |   120 |    46 ||   166
       Short sword       |    11 |       ||    11
       Punch             |     1 |       ||     1
 Stab: Sleeping          |     1 |     1 ||     2
Armor: Robe              |    54 |     9 ||    63
Dodge: Dodged            |    66 |    16 ||    82
